 Dungeon Crawl Stone Soup version 0.29.1-15-g9cfb28693d (webtiles) character file.

Game seed: 7783144523472412435

31 386 the Trooper (level 3, 26/29 HPs)
             Began as a Demonspawn Fighter on Mar 22, 2023.
             Quit the game on level 2 of the Dungeon.
             The game lasted 00:01:22 (1003 turns).

386 the Trooper (Demonspawn Fighter)                Turns: 1003, Time: 00:01:22

Health: 26/29      AC:  6    Str: 18    XL:     3   Next: 7%
Magic:  3/3        EV:  9    Int:  9    God:
Gold:   5          SH:  8    Dex: 12    Spells: 2/2 levels left

rFire   . . .      SeeInvis .   a - +0 war axe
rCold   . . .      Faith    .   c - +0 buckler
rNeg    . . .      Spirit   .   b - +0 scale mail
rPois   .          Reflect  .   (no helmet)
rElec   .          Harm     .   (no cloak)
rCorr   .          Rampage  .   (no gloves)
Will    .....                   (no boots)
Stlth   ..........              (no amulet)
HPRegen 0.09/turn               (no ring)
MPRegen 0.08/turn               (no ring)

@: no status effects
A: foul stench 1, condensation shield
a: no special abilities


You were on level 2 of the Dungeon.
You visited 1 branch of the dungeon, and saw 2 of its levels.

You collected 5 gold pieces.

Inventory:

Hand Weapons
 a - a +0 war axe (weapon)
Armour
 b - a +0 scale mail (worn)
 c - a +0 buckler (worn)
Scrolls
 e - a scroll of vulnerability {unknown}
 g - 2 scrolls of summoning {unknown}
Potions
 d - 2 potions of might
 f - a potion of curing {unknown}


   Skills:
 + Level 3.3 Fighting
 + Level 2.2 Axes
 + Level 3.0 Armour
 + Level 3.0 Shields


You had 2 spell levels left.
You didn't know any spells.
Your spell library was empty.

Dungeon Overview and Level Annotations

Branches:
Dungeon (2/15)

Altars:

Shops:
D:1 (


Innate Abilities, Weirdness & Mutations

You may rarely emit foul miasma when damaged in melee.
A meltable shield of frost defends you. (SH +4)


Message History

An endoplasm comes into view.
The endoplasm quivers.
You hit the endoplasm but do no damage. You block the endoplasm's attack.
You slash the endoplasm!
You kill the endoplasm!
No target in view!
No target in view!
Found an escape hatch in the floor.
Found 3 datura-tipped darts.
An adder and an endoplasm come into view.
The adder hisses angrily.
There are monsters nearby!
There are monsters nearby!
There are monsters nearby!
You closely miss the adder.
The adder bites you but does no damage. x2
You miss the adder. You barely miss the endoplasm.
The adder bites you but does no damage. You block the endoplasm's attack.
The adder bites you but does no damage.
You closely miss the adder. You hit the endoplasm.
The adder bites you but does no damage. The endoplasm freezes you.
You are frozen.
The adder bites you but does no damage. The endoplasm closely misses you.
You completely miss the endoplasm.
The endoplasm is severely wounded.
You hit the adder but do no damage. The adder barely misses you.
You block the endoplasm's attack. The adder closely misses you.
You slash the endoplasm!
You kill the endoplasm!
You hit the adder. You block the adder's attack.
You hit the adder.
You kill the adder!
Your Armour skill increases to level 3!
Your Shields skill increases to level 3!
You have reached level 3!
Your experience leads to an increase in your attributes!
Increase (S)trength, (I)ntelligence, or (D)exterity?
You feel stronger. x2; Your demonic ancestry asserts itself...
You begin to emit a foul stench of rot and decay.
Are you sure you want to abandon this character and quit the game? (Confirm with "yes".)

... ... ... #(# #.
#.## ###.###..
...... .......†##
...... ..>....@.#
..... ###.###..#
.... #.# #..#
###..## #.###..#
.##.....###......#
.............###.#
#..).<...#.# #.#
#....<##.#.###.###
#.....##..........


There were no monsters in sight!

Vanquished Creatures
  An adder (D:2)
  3 bats (D:1)
  3 endoplasms
  A giant cockroach (D:1)
  2 goblins (D:1)
  2 hobgoblins (D:1)
  A kobold (D:1)
  2 ball pythons (D:1)
  2 frilled lizards (D:1)
  5 rats (D:1)
22 creatures vanquished.

Notes
Turn   | Place    | Note
-------+----------+-------------------------------------------
     0 | D:1      | 386 the Demonspawn Fighter began the quest for the Orb.
     0 | D:1      | Reached XP level 1. HP: 18/18 MP: 1/1
    10 | D:1      | Found a faded altar of an unknown god.
   155 | D:1      | Gained mutation: A meltable shield of frost defends you.
                  | (SH +4) [demonic ancestry]
   155 | D:1      | Reached XP level 2. HP: 24/24 MP: 2/2
   514 | D:1      | Found Ablidy Fupsu's Weapon Shop.
  1003 | D:2      | Gained mutation: You may rarely emit foul miasma when
                  | damaged in melee. [demonic ancestry]
  1003 | D:2      | Reached XP level 3. HP: 26/29 MP: 3/3
  1003 | D:2      | Quit the game

Illustrated notes

Levels and vault maps discovered:
D:1:      dreamdust_arrival_beginning_and_end, layout_loops_ring, serial_shops,
          nicolae_shop_hallway_plus, shapermc_ecumenical_altar_starsandcircs,
          grunt_decor_mini_mirrors
D:2:      layout_loops_ring

Skill      XL: |  1  2 |
---------------+-------+-----
Axes           | 2 |  2.2
Armour         | 3 |  3.0
Shields        | 3 |  3.0
Fighting       | |  3.3

Action                   || total
-------------------------++-------
Melee: War axe           ||    68
Armor: Scale mail        ||    24
Dodge: Dodged            ||    30
Block: Buckler           ||    26
